 Dungeon Crawl Stone Soup version 0.22.1-2-g9c5b331 (webtiles) character file.

158 Skuilla the Shield-Bearer (level 5, 0/33 HPs)
             Began as a Gargoyle Fighter on Nov 12, 2018.
             Splashed by a jelly's acid (11 damage)
             ... on level 2 of the Dungeon.
             The game lasted 00:15:00 (2051 turns).

Skuilla the Shield-Bearer (Gargoyle Fighter)        Turns: 2051, Time: 00:15:01

Health: 0/33       AC:  0    Str: 21    XL:     5   Next: 40%
Magic:  5/5        EV:  7    Int:  8    God:
Gold:   84         SH:  9    Dex:  9    Spells: 4/4 levels left

rFire    . . .     SeeInvis .   a - +0 flail
rCold    . . .     Gourm    .   c - +0 shield
rNeg     + . .     Faith    .   b - +0 scale mail
rPois    ∞         Spirit   .   (no helmet)
rElec    +         Reflect  .   (no cloak)
rCorr    .         Harm     .   (no gloves)
MR       .....                  (no boots)
Stlth    ..........             (no amulet)
HPRegen  0.11/turn              (no ring)
MPRegen  0.09/turn              (no ring)

@: corroded
A: negative energy resistance 1, electricity resistance, unbreathing,
petrification resistance, rot immunity, AC +4
a: no special abilities


You were on level 2 of the Dungeon.
You were not hungry.

You visited 1 branch of the dungeon, and saw 3 of its levels.

You collected 84 gold pieces.

Inventory:

Hand Weapons
 a - a +0 flail (weapon)
 i - a +0 whip
Armour
 b - a +0 scale mail (worn)
 c - a +0 shield (worn)
Jewellery
 k - an uncursed ring of protection from cold {unknown}
 r - an uncursed ring of protection from magic {unknown}
 s - a +3 ring of strength {unknown}
 u - an uncursed ring of protection from fire {unknown}
Scrolls
 g - a scroll of noise {unknown}
 j - a scroll of random uselessness
 m - a scroll of teleportation {unknown}
 o - a scroll of enchant armour {unknown}
 p - 2 scrolls of enchant weapon {unknown}
Potions
 d - a potion of might
 e - 2 potions of curing {unknown}
 h - 4 potions of degeneration {unknown}
 l - 3 potions of mutation {unknown}
 n - a potion of lignification {unknown}
 q - a potion of brilliance {unknown}
 t - a potion of heal wounds {unknown}
Comestibles
 f - 6 rations


   Skills:
 + Level 4.1 Fighting
 * Level 3.7 Maces & Flails
 + Level 4.1 Armour
 + Level 4.1 Shields


You had 4 spell levels left.
You didn't know any spells.
Your spell library was empty.

Dungeon Overview and Level Annotations

Branches:
Dungeon (3/15)

Altars:
Nemelex Xobeh


Innate Abilities, Weirdness & Mutations

You are resistant to torment.
Your stone body is resilient. (AC +4)
You are immune to poison.
You resist negative energy. (rN+)
You are resistant to electric shocks. (rElec)
You can survive without breathing.
You are immune to petrification.
You are immune to rotting.


Message History

You hit the ooze but do no damage. You block the ooze's attack.
You hit the ooze.
The ooze is lightly wounded.
The ooze completely misses you.
You sock the ooze!
The ooze is almost dead.
The ooze hits you.
A jelly comes into view.
You hit the ooze.
You kill the ooze!
An ooze comes into view.
The jelly hits you but does no damage.
You sock the jelly! The acid corrodes you!
Your hands burn!
The jelly is heavily wounded.
You block the jelly's attack.
You hit the jelly. The acid corrodes you!
Your hands burn!
The jelly is heavily wounded.
An ooze comes into view.
The jelly hits you.
You are splashed with acid!
The acid burns!
You die...

...#...#### ###### #)##.#
.......# ### ##....#
.......# ##(#######
#....#. ...>>..#
#.#.#....###<.....
.......#
#.#.#.....##((...#
.......#
#.#'#......'...#.#
.......#
#.#........'(.##..
.......#
#.#.....(..'(.####
.......#
#@#..[....##(.....
...##..#
.PJP.JJ##......###(.####
######## ..÷...#
##########(.# ## ######
#######..## #.
#############<......)####.
#...........#.............
#....................#####
#......................##
##....#..............##..#


You could see a jelly and 2 oozes.

Vanquished Creatures
  A jelly (D:2)
  2 adders
  2 gnolls
  3 oozes (D:2)
  2 dart slugs (D:1)
  3 leopard geckos (D:1)
  8 bats
  A giant cockroach (D:1)
  4 goblins
  7 hobgoblins
  6 jackals
  A ball python (D:1)
  2 frilled lizards (D:1)
  13 kobolds
  17 rats
72 creatures vanquished.

Vanquished Creatures (others)
  A fungus (D:2)
  7 toadstools (D:2)
8 creatures vanquished.

Grand Total: 80 creatures vanquished

Notes
Turn   | Place    | Note
-------+----------+-------------------------------------------
     0 | D:1      | Skuilla the Gargoyle Fighter began the quest for the Orb.
     0 | D:1      | Reached XP level 1. HP: 14/14 MP: 1/1
   146 | D:1      | Reached XP level 2. HP: 19/19 MP: 2/2
   431 | D:1      | Found a sparkling altar of Nemelex Xobeh.
   570 | D:1      | Reached XP level 3. HP: 21/23 MP: 3/3
   980 | D:1      | Reached XP level 4. HP: 27/29 MP: 4/4
  1323 | D:2      | Found a faded altar of an unknown god.
  1510 | D:2      | You fall through a shaft!
  1993 | D:2      | Reached XP level 5. HP: 33/33 MP: 5/5
  2051 | D:2      | Splashed by a jelly's acid

Skill      XL: |  1  2  3  4  5 |
---------------+----------------+-----
Maces & Flails | 3 |  3.7
Shields        | 4 |  4.1
Armour         | 4 |  4.1
Fighting       | 4 |  4.1

Action                   |  1- 3 |  4- 6 || total
-------------------------+-------+-------++-------
Melee: Flail             |   152 |   125 ||   277
  Use: Scroll            |       |     1 ||     1
  Eat: Chunk             |       |     3 ||     3
       Ration            |       |     1 ||     1
Armor: Scale mail        |   134 |    60 ||   194
Dodge: Dodged            |    65 |    35 ||   100
Block: Shield            |   106 |    58 ||   164
